 Dungeon Crawl Stone Soup version 0.32-a0-999-gfa1cc04b1d (webtiles) character file.

Game seed: 276296365423355405

1837534 hikkokomori the Slayer (level 27, 254/254 HPs)
             Began as a Mountain Dwarf Fighter on Apr 24, 2024.
             Was an Initiate of Gozag.
             Escaped with the Orb
             ... and 4 runes on Apr 25, 2024!
             The game lasted 05:27:47 (110104 turns).

hikkokomori the Slayer (Mountain Dwarf Fighter)   Turns: 110104, Time: 05:27:48

Health: 254/254    AC: 49    Str: 26      XL:     27
Magic:  28/42      EV:  8    Int: 31 (32) God:    Gozag
Gold:   595        SH: 17    Dex: 10 (11) Spells: 3/57 levels left

rFire   + + +        U - +9 trishula (holy)
rCold   + . .        W - +5 kite shield {rC+ rF+}
rNeg    + + +        c - +8 orange crystal plate armour {Archmagi, Int+3 Clar}
rPois   .            P - +2 helmet
rElec   +            a - scarf {repulsion}
rCorr   .            y - +2 pair of gloves {Str+3}
SInv    .            s - +2 pair of boots {rampage}
Will    ++...        e - amulet "Vueny" {Acrobat rElec Int+4} Stlth
                     F - ring of Qazlal's Approval {Fly rF+ rN++ Slay+2}
HPRegen 0.62/turn    l - ring "Pawnodime" {rF+ rN++ Int+8}
MPRegen 0.28/turn

%: repel missiles, acrobat, clarity, rampage, archmagi
@: swift, fugue, radiating poison, flying, very slightly contaminated, studying
3 skills, quick
A: runic magic, artefact enchanting, iridescent scales 1, screaming 1, subdued
magic 3, inability to read after injury 2
0: Orb of Zot
}: 4/15 runes: decaying, serpentine, slimy, silver
a: Renounce Religion, Potion Petition, Call Merchant, Bribe Branch


You escaped.
You worshipped Gozag.
Gozag was pleased with you.
You visited 12 branches of the dungeon, and saw 56 of its levels.
You visited the Abyss 3 times.
You also visited: Ossuary.

You collected 9541 gold pieces.
You spent 4426 gold pieces at shops.
You donated 123 gold pieces to Zin.
You paid 4397 gold pieces to Gozag.

Inventory:

Hand Weapons
 K - the +9 trident of Dim Light {drain, Int+6}
   (You found it on level 4 of the Vaults)

   Int+6:     It affects your intelligence (+6).
 N - the +8 mithril axe "Arga" {speed, Will+}
   (Okawaru gifted it to you on level 2 of the Lair of Beasts)

   Will+:     It increases your willpower.
 S - the +9 trident "Beetleslayer" {flame, ^Drain Fly Str-3 Dex+8}
   (You bought it in a shop on level 9 of the Dungeon)

   Str-3:     It affects your strength (-3).
   Dex+8:     It affects your dexterity (+8).
   Fly:       It grants you flight.
   ^Drain:    It drains your maximum health when unequipped.
 U - a +9 trishula of holy wrath (weapon)
Missiles
 b - 29 silver javelins
 M - a throwing net
Armour
 a - a scarf of repulsion (worn)
 c - the +8 orange crystal plate armour (worn) {Archmagi, Int+3 Clar}
   (You bought it in a shop on level 5 of the Dungeon)

   Int+3:     It affects your intelligence (+3).
   Clar:      It protects you from confusion, rage, mesmerisation and fear.
 f - +0 ice dragon scales
 s - a +2 pair of boots of rampaging (worn)
 y - a +2 pair of gloves of strength (worn)
 P - a +2 helmet (worn)
 T - +0 fire dragon scales
 V - +9 gold dragon scales
 W - a +5 kite shield of resistance (worn)
Jewellery
 e - the amulet "Vueny" (around neck) {Acrobat rElec Int+4}
   (You found it on level 1 of the Vaults)

   [amulet of the acrobat]

   Acrobat:   It increases your evasion while moving and waiting.
   Int+4:     It affects your intelligence (+4).
   rElec:     It insulates you from electricity.
 l - the ring "Pawnodime" (right hand) {rF+ rN++ Int+8}
   (You found it on level 3 of the Crypt)

   [ring of protection from fire]

   Int+8:     It affects your intelligence (+8).
   rF+:       It protects you from fire.
   rN++:      It greatly protects you from negative energy.
 C - a ring of wizardry
 E - an amulet of reflection
 F - the ring of Qazlal's Approval (left hand) {Fly rF+ rN++ Slay+2}
   (You found it on level 3 of the Crypt)

   [ring of flight]

   Slay+2:    It affects your accuracy & damage with ranged weapons and melee
   (+2).
   rF+:       It protects you from fire.
   rN++:      It greatly protects you from negative energy.
   Fly:       It grants you flight.
 Q - a +5 ring of evasion
Wands
 d - a wand of mindburst (16)
 r - a wand of flame (85)
 B - a wand of charming (7)
 D - a wand of digging (6)
 G - a wand of quicksilver (14)
 O - a wand of polymorph (42)
 R - a wand of iceblast (16)
Scrolls
 h - 9 scrolls of immolation
 i - 4 scrolls of teleportation
 j - 3 scrolls of fear
 p - 5 scrolls of revelation
 u - 6 scrolls of fog
 J - 11 scrolls of vulnerability
 Z - 10 scrolls of poison
Potions
 g - a potion of invisibility
 k - a potion of brilliance
 m - 14 potions of attraction
 n - a potion of haste
 q - 5 potions of resistance
 t - 4 potions of curing
 v - 10 potions of lignification
 x - 6 potions of mutation
 A - a potion of might
 H - a potion of heal wounds
 I - 4 potions of enlightenment
 L - a potion of cancellation
 X - 2 potions of ambrosia
 Y - 3 potions of magic
Miscellaneous
 o - a tin of tremorstones (1/2)
 w - a lightning rod (4/4)
 z - a Gell's gravitambourine (1/2)


   Skills:
 - Level 22.0 Fighting
 - Level 9.2(14.0) Axes
 - Level 14.2(15.0) Polearms
 - Level 4.0 Throwing
 + Level 20.8 Armour
 + Level 10.9 Dodging
 - Level 15.0 Shields
 + Level 15.7 Spellcasting
 - Level 13.0 Conjurations
 - Level 6.0 Necromancy
 - Level 1.0 Translocations
 + Level 16.6 Fire Magic
 - Level 9.0 Ice Magic
 - Level 7.0 Air Magic
 - Level 12.0 Earth Magic
 - Level 10.0 Alchemy
 + Level 14.9 Invocations
 - Level 16.0 Evocations


You had 3 spell levels left.
You knew the following spells:

 Your Spells              Type           Power      Damage    Failure   Level
a - Bombard               Conj/Erth      34%        9d6       1%          6
b - Fulminant Prism       Conj/Alch      33%        3d16      1%          4
c - Swiftness             Air            52%        N/A       1%          3
d - Ignite Poison         Fire/Alch      71%        N/A       1%          4
e - Magic Dart            Conj           100%       1d8       0%          1
f - Mephitic Cloud        Conj/Alch/Air  62%        N/A       1%          3
g - Fugue of the Fallen   Necr           48%        N/A       1%          3
h - Olgreb's Toxic Radia  Alch           62%        N/A       1%          4
i - Freezing Cloud        Conj/Ice/Air   30%        6-21      1%          5
j - Borgnjor's Vile Clut  Necr/Erth      29%        N/A       1%          5
k - Irradiate             Conj/Alch      33%        3d22      1%          5
l - Blink                 Tloc           48%        N/A       1%          2
m - Apportation           Tloc           48%        N/A       1%          1
n - Ignition              Fire           39%        3d12      22%         8

Your spell library contained the following spells:

 Spells                   Type           Power      Damage    Failure   Level
 Foxfire                  Conj/Fire      100%       2x1d9     0%          1
 Freeze                   Ice            100%       1d10      0%          1
 Kiss of Death            Conj/Necr      100%       2d13      0%          1
 Shock                    Conj/Air       100%       1d9       0%          1
 Sting                    Conj/Alch      100%       1d9       0%          1
 Scorch                   Fire           100%       2d9       0%          2
 Searing Ray              Conj           100%       2d8       0%          2
 Static Discharge         Conj/Air       100%       3-8/arc   0%          2
 Hailstorm                Conj/Ice       64%        3d12      0%          3
 Stone Arrow              Conj/Erth      100%       3d13      0%          3
 Necrotise                Necr           100%       1d9       1%          1
 Slow                     Hex            76%        N/A       1%          1
 Summon Small Mammal      Summ           76%        N/A       1%          1
 Cigotuvi's Dreadful Rot  Necr/Alch/Air  100%       N/A       1%          2
 Lesser Beckoning         Tloc           48%        N/A       1%          2
 Mercury Vapours          Alch/Air       100%       N/A       1%          2
 Sublimation of Blood     Necr           48%        N/A       1%          2
 Frozen Ramparts          Ice            100%       1d16      1%          3
 Ozocubu's Armour         Ice            58%        N/A       1%          3
 Summon Ice Beast         Ice/Summ       41%        N/A       1%          3
 Vampiric Draining        Necr           48%        2d9       1%          3
 Volatile Blastmotes      Fire/Tloc      100%       2d18      1%          3
 Call Imp                 Summ           38%        N/A       3%          2
 Jinxbite                 Hex            38%        N/A       3%          2
 Maxwell's Portable Pile  Tloc           24%        2d(7-20)  4%          3
 Teleport Other           Tloc           24%        N/A       4%          3
 Call Canine Familiar     Summ           19%        N/A       8%          3
 Confusing Touch          Hex            19%        N/A       8%          3
 Sigil of Binding         Hex            19%        N/A       8%          3
 Tukima's Dance           Hex            19%        N/A       8%          3
 Flame Wave               Conj/Fire      75%        2d17      0%          4
 Airstrike                Air            26%        2d(4-20)  1%          4
 Animate Armour           Summ/Erth      96%        N/A       1%          4
 Brom's Barrelling Bould  Conj/Erth      69%        2d8       1%          4
 Dispel Undead            Necr           48%        3d18      1%          4
 Iskenderun's Mystic Bla  Conj/Tloc      52%        2d11      (+2d61%     4
 Petrify                  Alch/Erth      64%        N/A       1%          4
 Sticky Flame             Fire/Alch      71%        2d11      1%          4
 Alistair's Intoxication  Alch           41%        N/A       1%          5
 Arcjolt                  Conj/Air       31%        1d41      1%          5
 Fireball                 Conj/Fire      37%        3d15      1%          5
 Iskenderun's Battlesphe  Conj           70%        2d12      1%          5
 Starburst                Conj/Fire      37%        6d11      1%          6
 Plasma Beam              Fire/Air       33%        2x1d46    2%          6
 Vhi's Electric Charge    Tloc/Air       76%        N/A       4%          4
 Permafrost Eruption      Ice/Erth       31%        2x4d8     4%          6
 Summon Lightning Spire   Summ/Air       36%        N/A       6%          4
 Curse of Agony           Necr           48%        N/A       6%          5
 Conjure Ball Lightning   Conj/Air       31%        3x3d10    6%          6
 Martyr's Knell           Necr/Summ      33%        N/A       8%          4
 Sculpt Simulacrum        Ice/Alch       30%        N/A       9%          6
 Orb of Destruction       Conj           35%        9d10      12%         7
 Metabolic Englaciation   Hex/Ice        20%        N/A       13%         5
 Passage of Golubria      Tloc           24%        N/A       21%         4
 Silence                  Hex/Air        18%        N/A       21%         5
 Dimensional Bullseye     Hex/Tloc       10%        N/A       24%         4
 Seismic Cannonade        Alch/Erth      32%        6d12      28%         7
 Death Channel            Necr           24%        N/A       41%         6
 Magnavolt                Erth/Air       30%        3d16      50%         7
 Lehudib's Crystal Spear  Conj/Erth      34%        10d9      80%         8
 Spellforged Servitor     Conj/Summ      25%        N/A       91%         7
 Dispersal                Tloc           12%        N/A       98%         6
 Gell's Gavotte           Tloc           12%        2d(16-24) 98%         6
 Manifold Assault         Tloc           12%        N/A       100%        7
 Summon Hydra             Summ           9%         N/A       100%        7
 Borgnjor's Revivificati  Necr           24%        N/A       100%        8
 Discord                  Hex            9%         N/A       100%        8
 Disjunction              Tloc           12%        N/A       100%        8
 Maxwell's Capacitive Co  Air            26%        ∞         100%        8
 Dragon's Call            Summ           9%         N/A       100%        9
 Animate Dead             Necr           Unusable   N/A       N/A         4

Dungeon Overview and Level Annotations

Branches:
Dungeon (15/15)            Temple (1/1) D:5            Lair (5/5) D:9
  Swamp (4/4) Lair:3        Snake (4/4) Lair:2        Slime (5/5) Lair:5
    Orc (2/2) D:12            Elf (3/3) Orc:2        Vaults (5/5) D:13
  Crypt (3/3) Vaults:2       Tomb (0/3) Crypt:3      Depths (4/4) D:15
    Zot (5/5) Depths:4    Ossuary (visited)

Altars:
Ashenzari
Cheibriados
Dithmenos
Elyvilon
Fedhas
Gozag
Hepliaklqana
Kikubaaqudgha
Makhleb
Nemelex Xobeh
Okawaru
Qazlal
Ru
Sif Muna
Trog
Uskayaw
Vehumet
Wu Jian
Xom
Yredelemnul
Zin
The Shining One
Beogh
Jiyva

Shops:
D:5 [?((   D:6 :(   D:9 [((   Orc:2 !!*(   Elf:1 :   Snake:1 (   Snake:2 (
Vaults:3 ?   Vaults:4 ***!   Depths:2 =

Portals:
Hell: Depths:1 Depths:2 Depths:3 Depths:4
Abyss: Depths:3 Depths:4
Pandemonium: Depths:2 Depths:3
Ziggurat: Depths:3

Annotations:
Zot:5 exclusion: orange crystal statue


Innate Abilities, Weirdness & Mutations

Your spellcasting is much less encumbered by armour.
You can use scrolls of enchantment on lesser artefacts.
You are partially covered in iridescent scales. (AC +2)
You occasionally shout uncontrollably at your foes.
Your spells are much easier to cast, but much less powerful.
You sometimes lose the ability to read scrolls when taking damage.


Message History

You see here 20 gold pieces.
You block the orange demon's attack. The orange demon closely misses you.
There is a staircase leading out of the dungeon here.
You barely miss the orange demon.
The orange demon stings you but does no damage.
The orange demon hits you but does no damage.
You barely miss the orange demon.
You hit the orange demon but do no damage.
You block the orange demon's attack.
The orange demon hits you but does no damage.
You impale the orange demon!!
The orange demon convulses!
The orange demon is almost dead.
The orange demon stings you but does no damage.
The orange demon hits you but does no damage.
You impale the orange demon!!
You kill the orange demon!
You now have 565 gold pieces (gained 7).
You now have 585 gold pieces (gained 20).
You now have 591 gold pieces (gained 6).
You now have 595 gold pieces (gained 4).
There is a staircase leading out of the dungeon here.
Okay, then.
Casting: Irradiate (mildly dangerous; 1% risk of failure)
Confirm with . or Enter, or press ? or * to list all spells.
You feel a surge of power!
You feel quick.
Casting: Swiftness (safe; 1% risk of failure)
Confirm with . or Enter, or press ? or * to list all spells.
You feel a surge of power!
You call out to the remnants of the fallen!
Casting: Fugue of the Fallen (safe; 1% risk of failure)
Confirm with . or Enter, or press ? or * to list all spells.
Okay, then.
Casting: Fugue of the Fallen (safe; 1% risk of failure)
Confirm with . or Enter, or press ? or * to list all spells.
Okay, then.
Casting: Fugue of the Fallen (safe; 1% risk of failure)
Confirm with . or Enter, or press ? or * to list all spells.
You feel a surge of power!
You begin to radiate toxic energy.
You can't go down here!
You have escaped!

..........(###########.........#
...))......P~≈≈≈≈≈≈~~P#........#
............P~~≈≈≈~~P.#........#
...########..P≈≈≈~~P..##.......#
...########...P≈≈~P...##.......#
.........##....P~P....##.......#
..##...#.##.....P.....##.......#
..'....#..............##.......#
..#....#.#......@..............#
#.#....#.##...........##....)..#
#.#....#.##.....P.....######...#
#.#....#.##....P~P....#### ###.#
#.#....#.##...P2≈≈P......# #.#
#.#..........P~~≈≈~P.....#####.#
#.######.#..P~~≈≈≈≈≈P....'....>#
#.#....#...P~≈≈≈≈≈≈≈~P...#######
#.#.##.#...###########...#


You could see a green death.

Vanquished Creatures
  the Royal Jelly (Slime:5)
  3 dread liches
  5 ancient liches
  Mennas (Depths:4)
  9 orbs of fire
  Mara (Vaults:2)
  Xtahua (Vaults:4)
  Sojobo (Depths:1)
  The ghost of Ygearrag the Slayer, a veteran DrBe of Jiyva (Depths:2)
  Boris (Crypt:1)
  A shard shrike (Depths:3)
  2 Killer Klowns (Zot:5)
  Saint Roka (Crypt:1)
  2 curse toes
  The ghost of Feonediq the Hoplite, a veteran MiCK of Xom (Depths:2)
  The ghost of Feonediq the Hoplite, a veteran MiCK of Xom (Depths:2)
  the Enchantress (Depths:4)
  Jory (Depths:3)
  12 golden dragons
  Nikola (Depths:2)
  2 bone dragons
  6 electric golems
  A hellephant (D:15)
  An iron giant (Depths:2)
  Rupert (D:14)
  15 tentacled monstrosities
  6 liches
  29 Orb Guardians
  A walking earthen tome (Abyss:4)
  7 deep elf blademasters
  5 quicksilver dragons
  A walking crystal tome (Depths:3)
  9 titans
  2 Executioners
  28 acid blobs
  6 sphinxes
  5 deep elf master archers
  2 ancient champions
  2 tentacled starspawn (Abyss:4)
  10 tengu reavers
  13 shadow dragons
  16 storm dragons
  Frances (Snake:1)
  9 death cobs
  The ghost of Kevimi the Acrobat, an adept FeNe of Sif Muna (Vaults:4)
  8 azure jellies
  Roxanne (Swamp:1)
  4 nagarajas
  A revenant (Crypt:2)
  3 protean progenitors (Zot:2)
  10 rockslimes
  8 draconian knights
  4 draconian shifters
  7 draconian monks
  10 frost giants
  13 deep elf sorcerers
  A fenstrider witch (Swamp:3)
  20 vault wardens
  2 iron dragons (Depths:2)
  9 fire giants
  2 juggernaut zombies
  3 ghost moths
  3 caustic shrike zombies
  2 deep elf elementalists (Elf:3)
  6 ghouls
  6 draconian scorchers
  10 draconian stormcallers
  A reaper (Crypt:2)
  10 draconian annihilators
  20 ironbound preservers
  3 orc warlords
  A curse skull (Crypt:2)
  5 spriggan defenders
  A cacodemon (D:1)
  7 quicksilver oozes
  8 formless jellyfish
  22 very ugly things
  5 vampire knights
  8 ironbound thunderhulks
  A lorocyproca (Depths:2)
  14 stone giants
  14 black draconians
  7 deep elf death magi
  6 deep elf demonologists
  9 bunyips
  11 green draconians
  7 dire elephants (Vaults:1)
  5 eleionomae
  Azrael (D:14)
  22 red draconians
  5 deep elf annihilators
  11 white draconians
  A starcursed mass (Abyss:4)
  12 yellow draconians
  17 purple draconians
  2 spark wasps (Depths:2)
  6 war gargoyles
  An eidolon (Crypt:1)
  The ghost of SaltyWalty the Cleaver, a journeyman CoGl of Okawaru (D:11)
  A blizzard demon (D:12)
  3 crystal guardians (Crypt:3)
  An entropy weaver (Vaults:3)
  13 jiangshi
  A merfolk javelineer (Depths:1)
  2 spectral golden dragons (Depths:3)
  Josephine (D:14)
  9 ettins
  A green death (Swamp:4)
  2 shambling mangroves
  A quicksilver dragon zombie (Depths:3)
  A merfolk impaler (Depths:1)
  7 yaktaur captains
  7 fire dragons
  7 deep elf high priests
  9 great orbs of eyes
  A peacekeeper (Vaults:4)
  5 ice dragons
  2 ogre magi (Vaults:5)
  8 spriggan air magi
  A caustic shrike simulacrum (Depths:3)
  5 ghost crabs
  4 rakshasas
  28 vault guards
  10 alligators
  3 hell beasts
  10 ironbound frosthearts
  2 salamander tyrants (Snake:4)
  3 death knights
  A spriggan skeleton (Depths:3)
  4 catoblepae
  10 centaur warriors
  11 hydras
  9 anacondas
  A boulder beetle (D:12)
  34 dancing weapons
  9 death yaks
  7 two-headed ogres
  A sphinx skeleton (Depths:3)
  A satyr (Abyss:4)
  4 tengu warriors
  14 vampire magi
  8 deep troll earth magi
  5 deep troll shamans
  5 orc high priests
  A titan zombie (Depths:3)
  19 naga warriors
  13 thrashing horrors (Abyss:4)
  20 naga sharpshooters
  2 occultists (D:15)
  A spectral storm dragon (Depths:3)
  7 shock serpents
  4 spriggan berserkers
  A shock serpent (shapeshifter) (Depths:1)
  6 hell knights (Crypt:3)
  30 deep elf knights
  A soul eater (Crypt:1)
  2 sun demons
  6 iron trolls
  24 skeletal warriors
  A shadow wraith (Crypt:2)
  A spatial maelstrom (Abyss:4)
  2 titan skeletons
  5 salamander mystics
  2 sixfirhies
  A skyshark (Lair:4)
  A glowing orange brain (shapeshifter) (Depths:1)
  2 wretched stars (Abyss:4)
  An anaconda zombie (Crypt:3)
  8 goliath frogs
  65 deep trolls
  2 bunyip zombies
  4 spriggan druids
  20 deep elf archers
  2 death drakes (Zot:2)
  An orb spider (Abyss:4)
  7 arcanists
  7 swamp dragons
  12 mana vipers
  3 sun moths (Zot:2)
  16 bog bodies
  A mana viper (shapeshifter) (Elf:1)
  3 flayed ghosts
  12 lindwurms
  4 glowing orange brains
  2 shadow demons
  2 spectral iron dragons (Depths:3)
  9 naga ritualists
  22 ironbound convokers
  4 thermic dynamos (Elf:2)
  An obsidian statue (Vaults:4)
  9 phantasmal warriors
  3 obsidian bats
  8 orc knights
  30 deep elf zephyrmancers
  A bunyip skeleton (Crypt:3)
  A steelbarb worm (shapeshifter) (Depths:4)
  An anaconda skeleton (Crypt:3)
  33 deep elf pyromancers
  14 necromancers
  A tengu skeleton (Depths:3)
  A fire giant zombie (Depths:2)
  A harpy (shapeshifter) (Elf:3)
  A harpy (Vaults:5)
  3 shining eyes
  51 ugly things
  31 salamanders
  4 orc sorcerers
  4 cyclopes
  A shadow dragon skeleton (Crypt:2)
  A goliath frog skeleton (Crypt:2)
  An alligator skeleton (Crypt:1)
  4 will-o-the-wisps
  A manticore (shapeshifter) (Vaults:5)
  3 worldbinders (Abyss:4)
  14 large abominations
  10 manticores
  A black mamba (shapeshifter) (D:13)
  18 moths of wrath
  An iron dragon zombie (Crypt:3)
  A meliai (D:13)
  A shock serpent zombie (Crypt:2)
  18 naga magi
  36 black mambas
  A dire elephant zombie (Crypt:3)
  2 rust devils
  16 elephants
  A titan simulacrum (Depths:2)
  2 water nymphs (Abyss:4)
  2 guardian serpents
  A storm dragon simulacrum (Depths:3)
  15 vault sentinels
  A water nymph (shapeshifter) (Vaults:5)
  An eye of devastation (Abyss:4)
  A gargoyle (D:12)
  3 apocalypse crabs
  A kobold blastminer (Orc:2)
  3 dire elephant skeletons (Crypt:3)
  A smoke demon (Depths:1)
  9 orange demons
  8 cane toads
  5 unseen horrors
  Jeremiah (D:6)
  A white draconian zombie (Crypt:2)
  28 yaktaurs
  A yaktaur (shapeshifter) (D:15)
  4 kobold demonologists (D:13)
  11 komodo dragons
  An alligator snapping turtle skeleton (Crypt:2)
  5 tormentors
  10 rime drakes (Lair:5)
  4 ice devils (D:10)
  2 red devils
  A spectral glowing shapeshifter (Depths:3)
  3 hydra zombies (Crypt:1)
  2 freezing wraiths (Vaults:5)
  4 ancient zymes (Abyss:4)
  A purple draconian skeleton (Crypt:1)
  2 tengu conjurers
  A troll (shapeshifter) (Elf:1)
  6 hornets
  Grinder (D:3)
  A tengu simulacrum (Depths:3)
  A hellwing (Abyss:4)
  4 polar bears
  13 blink frogs
  10 tyrant leeches
  6 trolls
  A wind drake (D:9)
  A blink frog (shapeshifter) (Elf:1)
  6 dream sheep (Lair:5)
  A bloated husk (Swamp:2)
  2 death drake skeletons (Crypt:2)
  10 raiju (Abyss:4)
  A boulder beetle zombie (Crypt:2)
  2 iron dragon simulacra
  6 glass eyes
  A fire dragon zombie (Crypt:3)
  A snapping turtle (shapeshifter) (Elf:1)
  A radroach zombie (Crypt:2)
  91 slime creatures
  An ettin skeleton (Crypt:3)
  11 spriggans
  A black mamba zombie (Crypt:1)
  A shadow (Swamp:4)
  16 water elementals
  2 air elementals (Elf:1)
  49 yaks
  2 ynoxinuls (Abyss:4)
  5 fire elementals
  A warg (Orc:1)
  2 wyverns
  A human (shapeshifter) (D:15)
  5 basilisks
  A basilisk (shapeshifter) (Elf:1)
  10 wraiths
  4 golden eyes (Slime:5)
  4 steam dragons
  An alligator snapping turtle simulacrum (Crypt:2)
  5 chaos spawn
  19 vampire mosquitoes
  4 neqoxecs (Abyss:4)
  A merfolk zombie (Crypt:1)
  Menkaure (D:4)
  16 swamp worms
  47 nagas
  An acid dragon (D:9)
  5 hell hounds
  3 glowing shapeshifter skeletons (Depths:3)
  27 water moccasins
  A glowing shapeshifter zombie (Depths:3)
  3 swamp drakes
  A wyvern (shapeshifter) (Vaults:5)
  2 sky beasts
  18 orc warriors
  4 black bears
  2 ice beasts
  A tengu (shapeshifter) (Elf:3)
  39 laughing skulls
  An ogre (shapeshifter) (Elf:1)
  5 ogres
  6 wolves
  5 boggarts (D:15)
  10 centaurs
  A weeping skull (Ossuary)
  5 kobold brigands
  20 bullfrogs
  2 brain worms (Abyss:4)
  Blork the orc (D:4)
  3 elf zombies (Ossuary)
  A glowing shapeshifter simulacrum (Depths:3)
  4 earth elementals
  12 small abominations
  2 scorpions
  3 wights (D:7)
  A gnoll sergeant (D:9)
  A water moccasin zombie (Crypt:1)
  10 killer bees
  2 electric eels
  5 lava snakes
  2 howler monkeys
  2 bombardier beetles (D:3)
  3 centaur zombies
  A crimson imp (Abyss:4)
  A quasit (D:10)
  A hound (D:5)
  4 human zombies (Ossuary)
  42 orc priests
  Crazy Yiuf (D:6)
  2 gnoll boudas
  2 jellies
  Jessica (D:3)
  10 iguanas
  37 orc wizards
  2 crocodile zombies (Ossuary)
  An acid dragon zombie (Crypt:1)
  A deep dwarf zombie (Crypt:1)
  A hound zombie (Ossuary)
  3 mummies (Ossuary)
  8 gnolls
  26 adders
  2 shadow imps (D:7)
  4 ufetubi
  4 adder zombies (Ossuary)
  9 dart slugs
  A ribbon worm (D:3)
  62 orcs
  5 ball pythons
  9 endoplasms
  2 giant cockroaches (D:3)
  A gnoll zombie (Ossuary)
  4 goblins (D:1)
  6 hobgoblins
  2 jackals (D:5)
  25 kobolds
  4 quokkas
  2 ball python zombies (Ossuary)
  4 bats
  4 frilled lizards
  A frilled lizard zombie (Crypt:1)
  3 jackal zombies (Ossuary)
  A kobold skeleton (Crypt:1)
  5 kobold zombies (Ossuary)
  2 orc zombies (Ossuary)
  A quokka skeleton (Crypt:2)
  6 rats
  A fulminant prism (Lair:3)
2602 creatures vanquished.

Vanquished Creatures (others)
  A draconian stormcaller (Zot:5)
  A ghost moth (Zot:3)
  A green draconian (Zot:5)
  A red draconian (Abyss:4)
  A green death (Swamp:4)
  A hydra (Swamp:2)
  A naga warrior (Snake:3)
  An occultist (D:15)
  A deep elf knight (Elf:2)
  A spriggan druid (Swamp:4)
  2 deep elf zephyrmancers (Elf:3)
  A deep elf pyromancer (Elf:1)
  A moth of wrath (Zot:3)
  3 bloated husks
  A hornet (Swamp:4)
  A tyrant leech (Swamp:4)
  2 nagas
  A swamp drake (Swamp:2)
  An iguana (Lair:5)
  An orc wizard (Orc:2)
  An orc (Orc:2)
  12 foxfires
  25 fulminant prisms
  12 starspawn tentacles (Abyss:4)
74 creatures vanquished.

Grand Total: 2676 creatures vanquished

Notes
Turn   | Place    | Note
-------+----------+-------------------------------------------
     0 | D:1      | hikkokomori the Mountain Dwarf Fighter began the quest for
                  | the Orb.
     0 | D:1      | Reached XP level 1. HP: 19/19 MP: 1/1
    84 | D:1      | You fall into a shaft and drop 1 floor!
    93 | D:2      | Reached XP level 2. HP: 26/26 MP: 2/2
   635 | D:1      | Reached XP level 3. HP: 28/33 MP: 3/3
  1410 | D:3      | Identified the +0 leather armour of Wannar {Dex+3}
  1418 | D:3      | Reached skill level 4 in Fighting
  1418 | D:3      | Reached XP level 4. HP: 40/40 MP: 4/4
  1740 | D:3      | Reached XP level 5. HP: 47/47 MP: 5/5
  1767 | D:3      | Noticed Jessica
  1775 | D:3      | Killed Jessica
  2122 | D:4      | Noticed Menkaure
  2258 | D:4      | Killed Menkaure
  2259 | D:4      | Reached skill level 1 in Evocations
  2259 | D:4      | Reached XP level 6. HP: 17/55 MP: 6/6
  2271 | D:4      | Found a radiant altar of Vehumet.
  2450 | D:4      | Noticed Blork the orc
  2462 | D:4      | Killed Blork the orc
  2463 | D:4      | Reached skill level 5 in Fighting
  2463 | D:4      | Reached skill level 5 in Shields
  2609 | D:4      | Noticed Grinder
  2726 | D:4      | Paralysed by Grinder for 3 turns
  2743 | D:3      | Killed Grinder
  2744 | D:3      | Reached skill level 5 in Axes
  2744 | D:3      | Reached XP level 7. HP: 29/61 MP: 7/7
  3157 | D:5      | Entered Level 5 of the Dungeon
  3315 | D:5      | Identified the +9 sling of the Eternal Void {flame, rPois
                  | Will++ rCorr Int-5}
  3320 | D:5      | Learned a level 2 spell: Cigotuvi's Dreadful Rot
  3322 | D:5      | Found Huclapne's Weapon Shoppe.
  3347 | D:5      | Found a shimmering altar of Xom.
  3658 | D:5      | Found Itzuq's Weapon Shop.
  3672 | D:5      | Reached skill level 1 in Necromancy
  3741 | D:5      | Found a basalt altar of Yredelemnul.
  3747 | D:5      | Found a staircase to the Ecumenical Temple.
  3770 | Temple   | Entered the Ecumenical Temple
  3780 | Temple   | Became a worshipper of Warmaster Okawaru
  3804 | D:5      | Reached skill level 6 in Fighting
  3804 | D:5      | Reached XP level 8. HP: 55/70 MP: 8/8
  3909 | D:5      | Found Jikowk's Antique Armour Shoppe.
  3915 | D:5      | Bought a pair of embroidered gloves for 127 gold pieces
  4066 | D:5      | Reached skill level 1 in Alchemy
  4093 | D:5      | Reached skill level 1 in Air Magic
  4289 | D:5      | Reached skill level 1 in Invocations
  4364 | D:5      | Found Uxiorch's Magic Scroll Emporium.
  4370 | D:5      | Bought a scroll of enchant armour for 75 gold pieces
  4370 | D:5      | Bought a scroll of identify for 20 gold pieces
  4740 | D:5      | Found a shimmering blue altar of Sif Muna.
  4830 | D:6      | Found Ferut's Book Boutique.
  4860 | D:6      | Reached * piety under Okawaru
  4861 | D:6      | Reached skill level 1 in Spellcasting
  5238 | D:6      | Found a hazy altar of Hepliaklqana.
  5302 | D:6      | Found a bloodstained altar of Trog.
  5407 | D:6      | Noticed Jeremiah
  5411 | D:6      | Found Ogegu's Antique Weapon Shop.
  5550 | D:7      | Reached ** piety under Okawaru
  5720 | D:7      | Found a sand-covered staircase.
  5730 | Ossuary  | Entered an ossuary
  5754 | Ossuary  | Reached skill level 7 in Fighting
  5894 | Ossuary  | Learned a level 4 spell: Fulminant Prism
  5898 | Ossuary  | Learned a level 3 spell: Swiftness
  5919 | Ossuary  | Reached XP level 9. HP: 79/79 MP: 12/12
  6057 | Ossuary  | Reached skill level 1 in Conjurations
  6183 | D:7      | Found a stormy altar of Qazlal.
  6260 | D:7      | Reached *** piety under Okawaru
  6378 | D:7      | Noticed a tengu warrior
  7133 | D:6      | Found a snail-covered altar of Cheibriados.
  7402 | D:6      | Killed Jeremiah
  7403 | D:6      | Reached skill level 8 in Fighting
  7633 | D:6      | Found a runed translucent door.
  7634 | D:6      | Noticed Crazy Yiuf
  7647 | D:6      | Killed Crazy Yiuf
  7877 | D:6      | Reached skill level 5 in Invocations
  7962 | D:7      | Killed a tengu warrior
  7962 | D:7      | Reached **** piety under Okawaru
  8149 | D:7      | Reached XP level 10. HP: 83/88 MP: 14/14
  9009 | D:8      | Reached ***** piety under Okawaru
  9229 | D:8      | Identified the +9 ring mail of the Grue {Int+6}
  9837 | D:7      | Found a blossoming altar of Fedhas.
  9895 | D:9      | Reached skill level 5 in Armour
  9896 | D:9      | Got the Compendium of the Barrage
  9981 | D:9      | Noticed a two-headed ogre
  9982 | D:9      | a two-headed ogre changed into a wind drake
 10141 | D:9      | Found Biopp's Weapon Shoppe.
 10350 | D:9      | Learned a level 5 spell: Iskenderun's Battlesphere
 10352 | D:9      | Learned a level 1 spell: Magic Dart
 10377 | D:9      | Found Deag's Antique Armour Shoppe.
 10469 | D:9      | Found Roifatol's Antique Weapon Boutique.
 10472 | D:9      | Bought a crystal trident for 221 gold pieces
 10472 | D:9      | Identified the +9 trident "Beetleslayer" {flame, ^Drain Fly
                  | Str-3 Dex+8} (You bought it in a shop on level 9 of the
                  | Dungeon)
 10496 | D:9      | Found a staircase to the Lair.
 10735 | D:10     | Entered Level 10 of the Dungeon
 10854 | D:10     | Reached skill level 1 in Polearms
 10868 | D:10     | Received a gift from Okawaru
 10869 | D:10     | Reached skill level 9 in Fighting
 11034 | D:10     | Reached skill level 1 in Dodging
 11183 | D:10     | Noticed a rust devil
 11188 | D:10     | Noticed an orange demon
 11195 | D:10     | Killed a rust devil
 11196 | D:10     | Reached XP level 11. HP: 97/97 MP: 7/17
 11439 | D:10     | Received a gift from Okawaru
 11924 | D:10     | Found a glowing golden altar of the Shining One.
 12070 | Lair:1   | Entered Level 1 of the Lair of Beasts
 12234 | Lair:1   | Noticed a boulder beetle
 12472 | Lair:1   | Reached skill level 5 in Spellcasting
 12754 | Lair:1   | Received a gift from Okawaru
 12870 | Lair:1   | Reached skill level 10 in Fighting
 12897 | Lair:1   | a boulder beetle changed into a naga
 13184 | Lair:1   | Reached skill level 5 in Conjurations
 13378 | Lair:1   | Learned a level 3 spell: Mephitic Cloud
 13751 | Lair:1   | Learned a level 3 spell: Fugue of the Fallen
 13845 | Lair:2   | Reached XP level 12. HP: 56/106 MP: 20/20
 14265 | Lair:2   | Noticed a five-headed hydra
 14270 | Lair:2   | Killed a five-headed hydra
 14271 | Lair:2   | Reached skill level 5 in Polearms
 14277 | Lair:2   | Reached ****** piety under Okawaru
 14277 | Lair:2   | Received a gift from Okawaru
 14278 | Lair:2   | Acquired the +8 mithril axe "Arga" {speed, Will+}
 14278 | Lair:2   | Received a gift from Okawaru
 14278 | Lair:2   | Found the +8 mithril axe "Arga" {speed, Will+}
 14280 | Lair:2   | Acquired a +2 kite shield of resistance
 14280 | Lair:2   | Received a gift from Okawaru
 14847 | Lair:2   | Found a staircase to the Snake Pit.
 14865 | Lair:2   | Received a gift from Okawaru
 15477 | Lair:3   | Noticed a death yak
 15481 | Lair:3   | Noticed a death yak
 15491 | Lair:3   | Killed a death yak
 15502 | Lair:3   | Killed a death yak
 15928 | Lair:3   | Found a staircase to the Swamp.
 15938 | Lair:3   | Received a gift from Okawaru
 16090 | Lair:3   | Noticed a catoblepas
 16122 | Lair:3   | Killed a catoblepas
 16837 | Lair:4   | Reached XP level 13. HP: 73/113 MP: 23/23
 16859 | Lair:4   | Reached skill level 10 in Invocations
 17002 | Lair:4   | Learned a level 4 spell: Olgreb's Toxic Radiance
 17488 | Lair:3   | Received a gift from Okawaru
 17804 | Lair:4   | Reached skill level 5 in Evocations
 18188 | Lair:5   | Entered Level 5 of the Lair of Beasts
 18352 | Lair:5   | Received a gift from Okawaru
 18412 | Lair:5   | Reached skill level 5 in Alchemy
 18493 | Lair:5   | Found a viscous altar of Jiyva.
 18504 | Lair:5   | Found a staircase to the Slime Pits.
 18676 | Lair:5   | Reached skill level 1 in Throwing
 18901 | Lair:5   | Received a gift from Okawaru
 19137 | Lair:5   | Noticed a fire dragon
 19152 | Lair:5   | Killed a fire dragon
 19376 | Lair:5   | Reached XP level 14. HP: 116/121 MP: 24/24
 20338 | Lair:5   | Reached skill level 10 in Shields
 20909 | D:11     | Found a runed translucent gate.
 20909 | D:11     | Found a runed translucent gate.
 20909 | D:11     | Found a runed translucent gate.
 20910 | D:11     | Noticed SaltyWalty's ghost (journeyman CoGl)
 20921 | D:11     | Received a gift from Okawaru
 20937 | D:11     | Killed SaltyWalty's ghost
 21511 | D:12     | Found a staircase to the Orcish Mines.
 22057 | D:12     | Received a gift from Okawaru
 22176 | Orc:1    | Entered Level 1 of the Orcish Mines
 22691 | Orc:2    | Entered Level 2 of the Orcish Mines
 22691 | Orc:2    | Found a roughly hewn altar of Beogh.
 22691 | Orc:2    | Found a staircase to the Elven Halls.
 22918 | Orc:2    | Reached skill level 10 in Polearms
 23228 | Orc:2    | Reached skill level 11 in Fighting
 23447 | Orc:2    | Received a gift from Okawaru
 23671 | Orc:2    | Found Tinylei's Assorted Antiques.
 23671 | Orc:2    | Found Afiutymi's Distillery.
 23672 | Orc:2    | Found Gaicrih's Distillery.
 23677 | Orc:2    | Found Emaoxt's Weapon Shoppe.
 23964 | Orc:2    | Reached XP level 15. HP: 129/130 MP: 27/27
 24030 | Orc:2    | Learned a level 5 spell: Freezing Cloud
 24328 | D:13     | Reached skill level 1 in Ice Magic
 24885 | D:13     | Found a gate to the Vaults.
 25830 | D:14     | Noticed Josephine
 25834 | D:14     | Killed Josephine
 25834 | D:14     | Received a gift from Okawaru
 26256 | D:14     | Noticed Azrael
 26285 | D:14     | Killed Azrael
 26286 | D:14     | Reached skill level 12 in Fighting
 26452 | D:14     | Noticed Rupert
 26479 | D:14     | Killed Rupert
 27539 | D:15     | Entered Level 15 of the Dungeon
 28113 | D:15     | Found a bloodstained altar of Trog.
 28269 | D:15     | Received a gift from Okawaru
 28340 | D:15     | Found a staircase to the Depths.
 28340 | D:15     | Noticed a frost giant
 28352 | D:15     | Killed a frost giant
 28379 | D:15     | Reached skill level 5 in Ice Magic
 28379 | D:15     | Reached XP level 16. HP: 130/139 MP: 28/28
 29021 | Elf:1    | Entered Level 1 of the Elven Halls
 29034 | Elf:1    | Paralysed by an air elemental for 1 turns
 29241 | Elf:1    | Found Coufer's Book Boutique.
 29722 | Elf:1    | Got Cirouwerr's Anthology of the Lofty Mantle
 29825 | Elf:1    | Received a gift from Okawaru
 30367 | Elf:1    | Reached skill level 5 in Air Magic
 30817 | Elf:1    | Bought an Everburning Encyclopedia for 532 gold pieces
 30823 | Elf:1    | Learned a level 4 spell: Ignite Poison
 31173 | Snake:1  | Entered Level 1 of the Snake Pit
 31408 | Swamp:1  | Entered Level 1 of the Swamp
 31439 | Swamp:1  | Reached skill level 1 in Fire Magic
 31464 | Swamp:1  | Noticed Roxanne
 31499 | Swamp:1  | Killed Roxanne
 31655 | Swamp:1  | Received a gift from Okawaru
 32448 | Swamp:2  | Received a gift from Okawaru
 34618 | Swamp:3  | Reached XP level 17. HP: 41/146 MP: 30/30
 34905 | Swamp:3  | Learned a level 5 spell: Borgnjor's Vile Clutch
 35070 | Swamp:3  | Reached skill level 1 in Earth Magic
 35130 | Swamp:3  | Received a gift from Okawaru
 36360 | Snake:1  | Noticed Frances
 36370 | Snake:1  | Killed Frances
 36497 | Snake:1  | HP: 6/144 [naga warrior/+0 war axe (16)]
 37272 | Snake:1  | Received a gift from Okawaru
 37572 | Snake:1  | Found Uruskil's Weapon Shop.
 38241 | Snake:2  | Found Urrob's Weapon Shoppe.
 39006 | Snake:2  | Received a gift from Okawaru
 39017 | Snake:2  | Reached skill level 13 in Fighting
 39547 | Snake:2  | Got the Atlas of Overhead Pollution
 40438 | Swamp:4  | Entered Level 4 of the Swamp
 40515 | Swamp:4  | Received a gift from Okawaru
 40524 | Swamp:4  | Reached XP level 18. HP: 117/157 MP: 31/31
 42746 | Swamp:4  | Got a decaying rune of Zot
 43101 | Snake:3  | Received a gift from Okawaru
 43758 | Snake:3  | Reached skill level 10 in Armour
 44018 | Snake:3  | Reached skill level 10 in Spellcasting
 44396 | Snake:4  | Entered Level 4 of the Snake Pit
 44615 | Snake:4  | Reached skill level 15 in Shields
 44627 | Snake:4  | Received a gift from Okawaru
 45230 | Snake:4  | Reached skill level 5 in Necromancy
 45230 | Snake:4  | Reached skill level 5 in Earth Magic
 45614 | Snake:4  | Received a gift from Okawaru
 45969 | Snake:4  | Reached XP level 19. HP: 85/163 MP: 6/33
 46376 | Snake:4  | Got a serpentine rune of Zot
 46733 | Vaults:1 | Entered Level 1 of the Vaults
 47179 | Vaults:1 | Received a gift from Okawaru
 48017 | Vaults:1 | Reached skill level 14 in Fighting
 48294 | Vaults:1 | Received a gift from Okawaru
 48838 | Vaults:1 | Identified the amulet "Vueny" {Acrobat rElec Int+4}
 49522 | Vaults:2 | Noticed Mara
 49535 | Vaults:2 | Noticed hikkokomori's illusion
 49538 | Vaults:2 | Killed Mara
 49983 | Vaults:2 | Found a staircase to the Crypt.
 50266 | Vaults:2 | Received a gift from Okawaru
 50726 | Vaults:2 | Learned a level 6 spell: Permafrost Eruption
 51364 | Vaults:2 | Reached skill level 10 in Evocations
 51715 | Vaults:3 | Received a gift from Okawaru
 52039 | Vaults:3 | Paralysed by a formless jellyfish for 1 turns
 52395 | Vaults:3 | Reached XP level 20. HP: 177/177 MP: 28/35
 53012 | Vaults:3 | Reached skill level 15 in Fighting
 53175 | Vaults:3 | Paralysed by a formless jellyfish for 1 turns
 53556 | Vaults:3 | Found a runed translucent door.
 53767 | Vaults:3 | Received a gift from Okawaru
 53840 | Vaults:3 | Found Xehasov's Magic Scroll Emporium.
 53846 | Vaults:3 | Bought a scroll of teleportation for 51 gold pieces
 53846 | Vaults:3 | Bought a scroll of fear for 68 gold pieces
 54545 | D:5      | Bought the +8 orange crystal plate armour {Archmagi, Int+3
                  | Clar} for 2456 gold pieces
 54545 | D:5      | Found the +8 orange crystal plate armour {Archmagi, Int+3
                  | Clar}
 55150 | Vaults:4 | Noticed Xtahua
 55188 | Vaults:4 | Killed Xtahua
 55840 | Vaults:4 | Identified the +6 scale mail of the Saviour {rF+ rN+ Will-
                  | Int+5}
 55978 | Vaults:4 | Received a gift from Okawaru
 56275 | Vaults:4 | Identified the +9 trident of Dim Light {drain, Int+6}
 56369 | Vaults:4 | Found a runed translucent gate.
 56369 | Vaults:4 | Found a runed translucent gate.
 56369 | Vaults:4 | Found an opulent altar of Gozag.
 56371 | Vaults:4 | Found a runed translucent gate.
 56392 | Vaults:4 | Found Dyashrocw's Assorted Antiques.
 56392 | Vaults:4 | Noticed Kevimi's ghost (adept FeNe)
 56393 | Vaults:4 | Found Daekhig's Assorted Antiques.
 56768 | Vaults:4 | Found Sylyi's Distillery.
 56775 | Vaults:4 | Bought a potion of cancellation for 160 gold pieces
 56865 | Vaults:4 | Noticed a golden dragon
 56884 | Vaults:4 | Killed a golden dragon
 57354 | Depths:1 | Entered Level 1 of the Depths
 57355 | Depths:1 | Noticed Sojobo
 57380 | Depths:1 | Received a gift from Okawaru
 57385 | Depths:1 | Killed Sojobo
 57818 | Depths:1 | Reached skill level 10 in Conjurations
 58020 | Depths:1 | Found a gateway to Hell.
 58049 | Depths:1 | Found a sparkling altar of Nemelex Xobeh.
 58330 | Depths:1 | Found a glowing silver altar of Zin.
 58629 | Depths:2 | Found a one-way gate leading to the halls of Pandemonium.
 58642 | Depths:2 | Reached XP level 21. HP: 149/184 MP: 36/36
 58706 | Depths:2 | Received a gift from Okawaru
 60494 | Depths:2 | Found Plog's Jewellery Shoppe.
 60495 | Depths:2 | Noticed Nikola
 60502 | Depths:2 | Killed Nikola
 60740 | Depths:2 | Found a runed translucent door.
 60740 | Depths:2 | Noticed Ygearrag's ghost (veteran DrBe)
 61193 | Depths:3 | Found a one-way gate to the infinite horrors of the Abyss.
 61214 | Depths:3 | Reached skill level 10 in Earth Magic
 61555 | Depths:3 | Received a gift from Okawaru
 62660 | Depths:3 | Found a one-way gateway to a ziggurat.
 62721 | Depths:3 | Found an ancient bone altar of Kikubaaqudgha.
 62738 | Depths:3 | HP: 4/174 [Executioner (18)]
 65084 | Depths:2 | Received a gift from Okawaru
 65258 | Depths:4 | Entered Level 4 of the Depths
 65337 | Depths:3 | Identified the ring of Puceasha {rPois Will+ rCorr Str-2
                  | Slay+2}
 65795 | Depths:4 | Reached skill level 15 in Armour
 65918 | Depths:4 | Found a broken altar of Ashenzari.
 65948 | Depths:4 | Noticed the Enchantress
 65954 | Depths:4 | Killed the Enchantress
 65972 | Depths:4 | Noticed Parghit
 65986 | Depths:4 | Noticed Mennas
 65987 | Depths:4 | Noticed Jory
 66381 | Depths:3 | Parghit changed into Parghit the shard shrike
 66381 | Depths:3 | Noticed Parghit
 66388 | Depths:3 | Killed Parghit the shard shrike
 66796 | Swamp:3  | Learned a level 6 spell: Bombard
 67169 | Elf:2    | Reached XP level 22. HP: 168/186 MP: 37/37
 67176 | Elf:2    | Received a gift from Okawaru
 68315 | Elf:2    | Got Ofepir's Spellbook of Evil and Graupel
 68341 | Elf:2    | Found a runed translucent gate.
 68342 | Elf:2    | Found a runed translucent gate.
 68342 | Elf:2    | Found a runed translucent gate.
 68994 | Abyss:4  | Found a corrupted altar of Lugonu.
 68994 | Abyss:4  | Cast into level 4 of the Abyss (+2 trident of distortion)
 69194 | Elf:2    | Escaped the Abyss
 69458 | Elf:2    | Received a gift from Okawaru
 70814 | Depths:3 | Killed Jory
 70938 | Depths:4 | Killed Mennas
 71759 | Depths:4 | Received a gift from Okawaru
 72247 | Depths:4 | Found a gate to the Realm of Zot.
 72548 | Crypt:1  | Entered Level 1 of the Crypt
 72790 | Crypt:1  | Noticed Saint Roka
 72808 | Crypt:1  | Killed Saint Roka
 73559 | D:6      | Bought the Essays on Variable Rallying for 506 gold pieces
 73961 | Crypt:1  | Paralysed by something for 5 turns
 74538 | Crypt:1  | Reached XP level 23. HP: 176/189 MP: 40/40
 74819 | Crypt:1  | Identified the +4 robe "Koriu" {rElec rC- Slay+6}
 74819 | Crypt:1  | Noticed Boris
 74842 | Crypt:1  | Killed Boris
 75292 | Crypt:2  | Received a gift from Okawaru
 75771 | Crypt:2  | Reached skill level 16 in Fighting
 77510 | Crypt:3  | Entered Level 3 of the Crypt
 78091 | Crypt:3  | Learned a level 5 spell: Irradiate
 78660 | Crypt:3  | Reached skill level 17 in Fighting
 79197 | Crypt:3  | Received a gift from Okawaru
 79294 | Crypt:3  | Found an ancient bone altar of Kikubaaqudgha.
 79294 | Crypt:3  | Noticed an ancient lich
 79302 | Crypt:3  | Killed an ancient lich
 79509 | Crypt:3  | Found the +3 salamander hide armour {Flames, rFlCloud rF++
                  | rC--}
 79524 | Crypt:3  | Identified the ring "Foant" {rC+ rN++ Int+3 Dex+6}
 79524 | Crypt:3  | Identified the ring of Qazlal's Approval {Fly rF+ rN++
                  | Slay+2}
 79524 | Crypt:3  | Identified the ring "Pawnodime" {rF+ rN++ Int+8}
 80608 | Crypt:3  | Found a staircase to the Tomb.
 80620 | Crypt:3  | Identified the staff of Teedyc Wuwo {rElec rPois rC- rN+
                  | Necro Ice}
 80833 | Crypt:3  | Reached skill level 5 in Fire Magic
 80848 | Crypt:3  | Received a gift from Okawaru
 81436 | Crypt:3  | Reached skill level 18 in Fighting
 81706 | Vaults:5 | Entered Level 5 of the Vaults
 81760 | Vaults:5 | Reached skill level 19 in Fighting
 81763 | Vaults:5 | Noticed an ancient lich
 81795 | Vaults:5 | Received a gift from Okawaru
 81819 | Vaults:5 | Killed an ancient lich
 82198 | Vaults:5 | Identified the +4 dire flail of Vanity {freeze, Str+2}
 82408 | Vaults:5 | Reached XP level 24. HP: 199/223 MP: 19/40
 82415 | Vaults:5 | Reached skill level 20 in Fighting
 82433 | Vaults:5 | Identified the +9 glaive "Tasiysi" {freeze, ^Contam rF-
                  | rCorr SInv}
 82456 | Vaults:5 | Received a gift from Okawaru
 82699 | Vaults:5 | Noticed a dread lich
 82700 | Vaults:5 | Paralysed by a dread lich for 4 turns
 82707 | Vaults:5 | Paralysed by something for 3 turns
 82715 | Vaults:5 | Killed a dread lich
 82982 | Vaults:5 | Got a silver rune of Zot
 83112 | Vaults:5 | Identified the +1 robe "Nenue" {rElec rF+ SInv Stlth+}
 83119 | Vaults:5 | Reached skill level 21 in Fighting
 83122 | Vaults:5 | Noticed a dread lich
 83142 | Vaults:5 | Killed a dread lich
 83942 | Vaults:5 | Received a gift from Okawaru
 84568 | Vaults:5 | Identified the staff "Bonutevvi" {rPois Int+3 Alchemy}
 84743 | Vaults:5 | Got Sif Muna's Disquisition on Virulent Shifting
 84993 | Vaults:5 | Identified the +5 mace of the Tent {flame, ^Drain rElec
                  | rPois Stlth+}
 85498 | Vaults:5 | Reached skill level 22 in Fighting
 85658 | Vaults:5 | Identified the +4 pair of gloves "Kaokik" {Harm rElec
                  | Will-}
 85668 | Vaults:5 | Identified the staff of Noxious Innocence {Necro Earth
                  | Alchemy}
 85674 | Vaults:5 | Identified the +6 dagger "Jahedur" {speed, ^Fragile Will++
                  | Dex+4}
 85694 | Vaults:5 | Identified the +7 scale mail of Wute {rC+}
 86111 | Slime:1  | Entered Level 1 of the Pits of Slime
 87395 | Slime:5  | Entered Level 5 of the Pits of Slime
 88003 | Slime:5  | Received a gift from Okawaru
 88402 | Slime:4  | Gained mutation: Your body sometimes deteriorates upon
                  | taking damage. [a shining eye]
 88999 | Slime:5  | Noticed the Royal Jelly
 89011 | Slime:5  | Killed the Royal Jelly
 89266 | Slime:5  | Received a gift from Okawaru
 89516 | Slime:5  | Reached XP level 25. HP: 238/238 MP: 18/40
 89528 | Slime:5  | Paralysed by a formless jellyfish for 1 turns
 89538 | Slime:5  | Paralysed by a formless jellyfish for 1 turns
 90020 | Slime:5  | Identified the +0 falchion of Rotation {freeze, MP-9 Str+5
                  | Stlth+}
 90032 | Slime:5  | Identified the amulet "Wumo" {Acrobat rElec Will- Dex+4
                  | Stlth+}
 90036 | Slime:5  | Got a slimy rune of Zot
 90040 | Slime:5  | Identified the +4 sling "Forcho Haoc" {freeze, rElec rF+
                  | Int+3}
 90045 | Slime:5  | Identified the +1 scale mail "Lall" {-Tele Rampage Regen+
                  | Stlth+}
 90699 | Elf:3    | Entered Level 3 of the Elven Halls
 91284 | Elf:3    | Identified the +9 hand axe "Fiol Ash" {vamp, Int+5}
 91326 | Elf:3    | Reached skill level 15 in Evocations
 91328 | Elf:3    | Identified the +1 lajatang "Reilajef" {vamp, rC+}
 91707 | Elf:3    | Identified the ring "Peekem" {rElec rF+}
 91717 | Abyss:4  | Cast into level 4 of the Abyss (a deep elf sorcerer)
 92046 | Abyss:4  | Learned a level 2 spell: Blink
 92050 | Abyss:4  | Learned a level 1 spell: Apportation
 92132 | Elf:3    | Escaped the Abyss
 92147 | Elf:3    | Identified the +1 broad axe "Cengium" {protect, rF+}
 92154 | Elf:3    | Reached skill level 1 in Translocations
 92209 | Elf:3    | Received a gift from Okawaru
 92485 | Elf:3    | Identified the ring of Foawec {rPois rF- rCorr Dex+6}
 92500 | Elf:3    | Identified the ring of Qikiunyo {Fire Dex+3}
 92552 | Elf:3    | Identified the scarf "Orphiotz" {+Inv, rElec rC+ Str+3}
 92568 | Elf:3    | Got the Incunabulum of Misty Direction
 92578 | Elf:3    | Got the Precepts of the Calorific Crevasse
 92580 | Elf:3    | Identified the +2 spear "Diwin" {venom, rElec Stlth+}
 92673 | Elf:3    | Got the Writings on the Sizzling Crucible
 93006 | Zot:1    | Entered Level 1 of the Realm of Zot
 94081 | Zot:1    | Noticed an orb of fire
 94099 | Zot:1    | Gained mutation: You are dopey. (Int -2) [an orb of fire]
 94101 | Zot:1    | Killed an orb of fire
 94827 | Zot:1    | Lost mutation: Your body sometimes deteriorates upon taking
                  | damage. [potion of mutation]
 94827 | Zot:1    | Lost mutation: You are dopey. (Int -2) [potion of mutation]
 94827 | Zot:1    | Gained mutation: You expend magic power (3 MP) to
                  | strengthen your wands. [potion of mutation]
 94827 | Zot:1    | Gained mutation: You are agile. (Dex +4, Str/Int -1)
                  | [potion of mutation]
 94827 | Zot:1    | Gained mutation: You are partially covered in iridescent
                  | scales. (AC +2) [potion of mutation]
 95668 | Vaults:4 | Killed Kevimi's ghost
 95669 | Vaults:4 | Reached skill level 10 in Alchemy
 95862 | Vaults:4 | Bought a scroll of enchant armour for 210 gold pieces
 96193 | Depths:2 | Killed Ygearrag's ghost
 96194 | Depths:2 | Reached skill level 15 in Spellcasting
 96196 | Depths:2 | Found a runed translucent door.
 96197 | Depths:2 | Noticed Feonediq's ghost (veteran MiCK)
 96298 | Depths:2 | Reached skill level 5 in Dodging
 96301 | Depths:2 | Received a gift from Okawaru
 96302 | Depths:2 | Found a runed translucent door.
 96320 | Depths:2 | Killed Feonediq's ghost
 96321 | Depths:2 | Noticed Feonediq's ghost (veteran MiCK)
 96872 | Depths:2 | Killed Feonediq's ghost
 98637 | Zot:2    | Reached XP level 26. HP: 223/246 MP: 20/42
 99850 | Zot:2    | HP: 5/246 [death drake/foul vapour[a protean progenitor]
                  | (8)]
100350 | Zot:3    | Received a gift from Okawaru
101713 | Zot:3    | Noticed an orb of fire
101723 | Zot:3    | Killed an orb of fire
101750 | Zot:3    | Received a gift from Okawaru
102032 | Zot:4    | Reached skill level 10 in Fire Magic
102971 | Zot:4    | Received a gift from Okawaru
103767 | Zot:4    | Reached skill level 10 in Dodging
104035 | Zot:5    | Entered Level 5 of the Realm of Zot
105104 | Zot:5    | Noticed a dread lich
105111 | Zot:5    | Received a gift from Okawaru
105116 | Zot:5    | Killed a dread lich
105117 | Zot:5    | Reached XP level 27. HP: 253/254 MP: 0/42
105236 | Zot:5    | Noticed an orb of fire
105264 | Zot:5    | Gained mutation: Potions are less effective at restoring
                  | your health. [an orb of fire]
105268 | Zot:5    | Killed an orb of fire
105269 | Zot:5    | Reached skill level 15 in Fire Magic
105428 | Zot:5    | Noticed an orb of fire
105429 | Zot:5    | Noticed an orb of fire
105429 | Zot:5    | Noticed an orb of fire
105430 | Zot:5    | Noticed an orb of fire
105436 | Zot:5    | Noticed an ancient lich
105440 | Zot:5    | Lost mutation: You are agile. (Dex +4, Str/Int -1) [an orb
                  | of fire]
105443 | Zot:5    | Killed an orb of fire
105443 | Zot:5    | Killed an orb of fire
105450 | Zot:5    | Gained mutation: You are frail. (-10% HP) [an orb of fire]
105454 | Zot:5    | Killed an orb of fire
105454 | Zot:5    | Noticed an orb of fire
105455 | Zot:5    | Killed an orb of fire
105458 | Zot:5    | Received a gift from Okawaru
105458 | Zot:5    | Killed an ancient lich
105459 | Zot:5    | Gained mutation: You occasionally lose the ability to read
                  | scrolls when taking damage. [an orb of fire]
105466 | Zot:5    | Killed an orb of fire
105466 | Zot:5    | Noticed an orb of fire
105467 | Zot:5    | Gained mutation: Your magical capacity is low. (-10% MP)
                  | [mutagenic glow]
105480 | Zot:5    | Gained mutation: You occasionally shout uncontrollably at
                  | your foes. [mutagenic glow]
106067 | Depths:1 | Lost mutation: Your magical capacity is low. (-10% MP)
                  | [potion of mutation]
106067 | Depths:1 | Lost mutation: You are frail. (-10% HP) [potion of
                  | mutation]
106067 | Depths:1 | Lost mutation: Potions are less effective at restoring your
                  | health. [potion of mutation]
106067 | Depths:1 | Gained mutation: Your mind is acute. (Int +4, Str/Dex -1)
                  | [potion of mutation]
106068 | Depths:1 | Lost mutation: You expend magic power (3 MP) to strengthen
                  | your wands. [potion of mutation]
106068 | Depths:1 | Lost mutation: You occasionally shout uncontrollably at
                  | your foes. [potion of mutation]
106068 | Depths:1 | Lost mutation: Your mind is acute. (Int +4, Str/Dex -1)
                  | [potion of mutation]
106068 | Depths:1 | Gained mutation: Your spells are a little easier to cast,
                  | but a little less powerful. [potion of mutation]
106078 | Depths:1 | Learned a level 8 spell: Ignition
106078 | Depths:1 | Fell from the grace of Okawaru
106078 | Depths:1 | Became a worshipper of Zin the Law-Giver
106078 | Depths:1 | Reached * piety under Zin
106078 | Depths:1 | Reached ** piety under Zin
106347 | Vaults:4 | Fell from the grace of Zin
106347 | Vaults:4 | Became a worshipper of Gozag Ym Sagoz the Greedy
106977 | Zot:5    | Gained mutation: Your spells are easier to cast, but less
                  | powerful. [an orb of fire]
106981 | Zot:5    | Killed an orb of fire
106994 | Zot:5    | Noticed an ancient lich
107015 | Zot:5    | Killed an ancient lich
107789 | Zot:5    | Noticed an ancient lich
107802 | Zot:5    | Killed an ancient lich
107804 | Abyss:4  | Found a corrupted altar of Lugonu.
107804 | Abyss:4  | Cast into level 4 of the Abyss (Killer Klown)
107806 | Abyss:4  | Found a hide-covered altar of Uskayaw.
108066 | Zot:5    | Escaped the Abyss
108324 | Zot:4    | Gained mutation: You sometimes lose the ability to read
                  | scrolls when taking damage. [mutagenic glow]
109374 | Zot:5    | Got the Orb of Zot
109392 | Zot:5    | Noticed Naytt the pandemonium lord
109394 | Zot:5    | Noticed an orb of fire
109396 | Zot:5    | Gained mutation: Your spells are much easier to cast, but
                  | much less powerful. [an orb of fire]
109398 | Zot:5    | Gained mutation: You occasionally shout uncontrollably at
                  | your foes. [an orb of fire]
110104 | D:$      | Escaped with the Orb!

Illustrated notes

Levels and vault maps discovered:
D:1:      eino_arrival_druids_welcome, layout_basic
D:2:      layout_basic
D:3:      kennysheep_slugbush, layout_basic, dreamdust_mushroom_princess,
          uniq_jessica
D:4:      layout_rooms, mainiacjoe_overflow_paths, uniq_grinder,
          uniq_blork_the_orc, uniq_menkaure
D:5:      layout_loops_corners, tgw_xom, nicolae_overflow_hidden_temple,
          minmay_temple_entry_hall, serial_shops, shop, shop,
          nicolae_shop_pleasant_corner_grove, nicolae_take_the_stairs
D:6:      layout_loops_cross, chei_slow_surprise, mainiacjoe_overflow_brackets,
          nicolae_hepliaklqana_hippocampus, serial_shops,
          nicolae_shop_advertising_works [nicolae_subvault_shop_adworks],
          nicolae_shop_behind_doors, uniq_jeremiah, uniq_crazy_yiuf_cottage
D:7:      nzn_winding_woodlands_three_and_one [nzn_winding_woodlands_5x15_pool,
          nzn_winding_woodlands_5x15_split_checker,
          nzn_winding_woodlands_5x15_jagged,
          nzn_winding_woodlands_center_diamonds], layout_rooms, fedhas_altar_4,
          mainiacjoe_overflow_alcove_4, nicolae_ossuary_entry_monument
D:8:      layout_basic
D:9:      layout_rooms, lair_entry_dummy, serial_shops, shop, shop_coins, shop,
          grunt_ministairs_6, nrook_mini_backslash
D:10:     layout_stronghold, marbit_many_paths, serial_demonic,
          serial_demonic_g, serial_demonic_b, serial_demonic_d,
          serial_demonic_d, water_boxes_lemuel
D:11:     layout_loops_ring, ebering_ghost_rock_garden, feat_on_display
D:12:     layout_cave_pools, orc_0_dummy
D:13:     layout_irregular_city, skrybe_vaults_entry_preservation
D:14:     layout_layer_cave, uniq_azrael, uniq_rupert, uniq_josephine
D:15:     grunt_enter_depths_snipers, layout_cave_pods, trog_ov_bears_minmay
Temple:   hellmonk_temple_flake
Lair:1:   layout_misc_corridors, hangedman_lair_generics_rect,
          grunt_megastairs_4, infiniplex_staircase_pool_2
Lair:2:   lemuel_reptile_caves, layout_regular_city,
          nicolae_snake_entry_warm_welcome, nicolae_quartered_pool_little
Lair:3:   layout_cave_pods, minmay_swamp_entry_swarm
Lair:4:   layout_loops_ring, beast_lair_carwin_9
Lair:5:   guppyfry_lair_end_dragon, layout_loops_ring, hangedman_lair_in_review,
          slime_entry_1, lemuel_old_faithful
Swamp:1:  layout_basic_swamp, nicolae_swamp_little_tower, uniq_roxanne
Swamp:2:  layout_falls_marsh, serial_swamp_ruin, evilmike_swamp_ruin_house_2,
          evilmike_swamp_ruin_house_6, swamp_pool_1_2, st_swamp_ruins_3
Swamp:3:  layout_basic_swamp, hangedman_swamp_ruin_wall, swamp_pool_1_2,
          hangedman_swamp_diagram, cheibrodos_swamp_pet_leeches
Swamp:4:  swamp_vile, layout_basic_swamp, nicolae_swamp_bunyip_nook
Snake:1:  layout_grid_maze, serial_shops, nicolae_shop_statue_plus, uniq_frances
Snake:2:  layout_basic, serial_shops, shop, nicolae_snake_salamander_zone
Snake:3:  layout_honeycomb
Snake:4:  snake_pit, layout_concentric_octagons
Slime:1:  layout_caves, cheibrodos_slime_lost_civilization_4
Slime:2:  layout_caves, basic_altar
Slime:3:  layout_caves, basic_altar
Slime:4:  layout_caves
Slime:5:  slime_pit_nicolae_royal_road_to_ruin
Orc:1:    layout_caves
Orc:2:    st_orc_mages, layout_diamond_mine, basic_altar
Elf:1:    layout_onion_city, serial_shops, nicolae_book_shop_shelving,
          nicolae_elf_shapeshifter_party
Elf:2:    nicolae_elf_blades_crystal_corner, layout_onion_city,
          lemuel_statue_altar, grunt_ministairs_2, st_stairs_4,
          item_on_display_a
Elf:3:    minmay_elf_hall_furrowed, layout_loops_cross
Vaults:1: hangedman_vaults_snaps, v_misc_16,
          nicolae_vaults_variable_pillar_hall, hangedman_vaults_capsules,
          ontoclasm_vaults_decontamination, nicolae_vaults_heart-shaped_vault,
          layout_vaults_omnigrid
Vaults:2: nicolae_vaults_puzzle_piece, nicolae_vaults_puzzle_piece,
          nicolae_vaults_diamond_2, nicolae_vaults_frosty_reception, v_misc_27,
          nicolae_vaults_closet_pinwheel_5, nicolae_vaults_trapezoid_3,
          ontoclasm_vaults_twist, layout_vaults_omnicross, dummy_crypt_entry,
          uniq_mara
Vaults:3: hangedman_vaults_nodes, nicolae_vaults_oozy_zoo,
          nicolae_vaults_storage_room_doors, v_alt_pattern_6, vaults_dpeg_cross,
          v_misc_31, nicolae_vaults_turnstiles,
          nicolae_vaults_closet_pinwheel_4, v_misc_30, layout_vaults_ring,
          serial_shops, nicolae_shop_pleasant_corner_grove
Vaults:4: ebering_ghost_gozag, dpeg_vaults_monster_box, v_misc_5,
          grunt_vaults_diagonal, nicolae_vaults_more_shelving_1,
          nicolae_vaults_security_offices_1, nicolae_vaults_storage_closets_3,
          nicolae_vaults_double_plus_2, grunt_vaults_funnel, v_misc_30,
          nicolae_vaults_tetromino_L_1, nicolae_vaults_house_3,
          nicolae_vaults_diagonal_hallway_6, layout_vaults_omnibox,
          serial_shops, shop, uniq_xtahua
Vaults:5
Crypt:1:  layout_basic, uniq_boris, uniq_saint_roka
Crypt:2:  layout_gridlike
Crypt:3:  cryptofortress_bobbens
Depths:1: layout_cave_pools, nemelex_xobeh_ov_fountains_minmay,
          hangedman_coc_ice_floe, zin_statuary, uniq_sojobo
Depths:2: minmay_connected_triangles_in_corner, layout_gridlike, serial_shops,
          shop, rand_demon_pan_entry_5, muffindrake_ghost_three_little_ghosts,
          hell_entry, uniq_nikola
Depths:3: evilmike_negative_zone, layout_cave_pools, enter_ziggurat_d,
          minmay_misc_feat_room, pan_entry, minmay_room_of_horrors, hell_entry
Depths:4: evilmike_zot_entry_hall, layout_cave_pools,
          nicolae_ashenzari_panopticon, serial_column_ruins,
          column_ruins_square_large, column_ruins_grid_3,
          column_ruins_columns_straight, column_ruins_grid_1,
          column_ruins_open_small, column_ruins_grid_3, hell_entry, abyss_entry,
          uniq_jory, uniq_enchantress, uniq_parghit, uniq_mennas
Zot:1:    layout_gridlike, skrybe_zot_glass_3
Zot:2:    layout_gridlike, grunt_megastairs_1
Zot:3:    layout_gridlike
Zot:4:    layout_basic
Zot:5:    layout_concentric_octagons

Skill      XL: |  1  2  3  4  5  6  7  8  9 10 11 12 13 14 15 16 17 18 19 20 21 22 23 24 25 26 27 |
---------------+----------------------------------------------------------------------------------+-----
Axes           | 3 4 5 7 8 9 |  9.2
Fighting       | 4 5 6 7 8 9 10 11 12 13 14 15 19 22 | 22.0
Armour         | 4 6 7 8 10 11 13 15 17 18 19 20 | 20.8
Shields        | 4 5 7 9 11 12 13 15 | 15.0
Evocations     | 1 2 3 4 6 7 8 9 10 13 14 16 | 16.0
Necromancy     | 1 2 3 4 6 |  6.0
Alchemy        | 1 3 4 5 6 7 8 10 | 10.0
Air Magic      | 1 3 5 6 7 |  7.0
Invocations    | 3 5 7 9 10 12 13 14 | 14.9
Spellcasting   | 2 3 4 5 7 8 9 10 11 13 15 | 15.7
Conjurations   | 3 5 6 7 8 10 12 13 | 13.0
Polearms       | 2 4 6 8 10 11 14 | 14.2
Dodging        | 1 2 4 6 10 | 10.9
Throwing       | 2 4 |  4.0
Ice Magic      | 5 7 8 9 |  9.0
Fire Magic     | 3 6 14 16 | 16.6
Earth Magic    | 4 6 7 9 10 12 | 12.0
Translocations | 1 |  1.0

Action                     |  1- 3 |  4- 6 |  7- 9 | 10-12 | 13-15 | 16-18 | 19-21 | 22-24 | 25-27 || total
---------------------------+-------+-------+-------+-------+-------+-------+-------+-------+-------++-------
  Melee: War axe           |    89 |   110 |   471 |   204 |       |       |       |       |       ||   874
         Trident           |       |       |       |   653 |  1675 |  1560 |  1992 |  1998 |  1467 ||  9345
         Unarmed           |       |       |       |       |       |       |    23 |       |       ||    23
         Trishula          |       |       |       |       |       |       |       |       |   362 ||   362
  Throw: Throwing net      |       |       |     3 |       |     1 |       |       |       |       ||     4
         Javelin           |       |       |       |       |     4 |       |       |     4 |       ||     8
         Dart              |       |       |       |       |     2 |       |     4 |     2 |     5 ||    13
   Cast: Cigotuvi's Dreadf |       |       |     1 |     1 |       |       |       |       |       ||     2
         Fulminant Prism   |       |       |       |    10 |     9 |     4 |     2 |     1 |     1 ||    27
         Magic Dart        |       |       |       |     8 |       |       |       |       |       ||     8
         Mephitic Cloud    |       |       |       |     3 |     4 |       |       |       |     1 ||     8
         Fugue of the Fall |       |       |       |     3 |     5 |     2 |     9 |     1 |     1 ||    21
         Iskenderun's Batt |       |       |       |     2 |       |       |       |       |       ||     2
         Olgreb's Toxic Ra |       |       |       |       |    18 |    10 |    36 |    22 |    42 ||   128
         Freezing Cloud    |       |       |       |       |       |    95 |    79 |    44 |    84 ||   302
         Ignite Poison     |       |       |       |       |       |     3 |    18 |    11 |    17 ||    49
         Borgnjor's Vile C |       |       |       |       |       |       |    28 |    21 |    14 ||    63
         Permafrost Erupti |       |       |       |       |       |       |    31 |       |       ||    31
         Bombard           |       |       |       |       |       |       |       |   331 |   133 ||   464
         Swiftness         |       |       |       |       |       |       |       |     1 |     2 ||     3
         Irradiate         |       |       |       |       |       |       |       |    31 |    81 ||   112
         Blink             |       |       |       |       |       |       |       |       |     2 ||     2
 Invoke: Heroism           |       |       |     3 |     8 |    13 |    10 |    20 |    18 |    15 ||    87
         Receive Weapon    |       |       |       |     1 |       |       |       |       |       ||     1
         Receive Armour    |       |       |       |     1 |       |       |       |       |       ||     1
         Finesse           |       |       |       |       |     1 |       |     1 |     1 |     2 ||     5
         Potion Petition   |       |       |       |       |       |       |       |       |     1 ||     1
         Call Merchant     |       |       |       |       |       |       |       |       |     1 ||     1
  Evoke: Wand              |       |     4 |    14 |     3 |    19 |    18 |    27 |    26 |    25 ||   136
         Tin of tremorston |       |       |       |     3 |     4 |     4 |     4 |     8 |     4 ||    27
         Lightning rod     |       |       |       |       |     6 |     6 |     6 |     9 |     3 ||    30
         Gell's gravitambo |       |       |       |       |       |       |     2 |     4 |     4 ||    10
    Use: Scroll            |       |     4 |     7 |    13 |    12 |    13 |    14 |     6 |    17 ||    86
         Potion            |       |     2 |     1 |     2 |     1 |    18 |    13 |    19 |    30 ||    86
   Stab: Confused          |       |       |       |     2 |     2 |       |       |       |       ||     4
         Distracted        |       |       |       |       |     1 |       |       |       |     1 ||     2
         Fleeing           |       |       |       |       |       |       |     1 |     1 |       ||     2
         Invisible         |       |       |       |       |       |       |     9 |       |     1 ||    10
 Armour: Scale mail        |    65 |    75 |   105 |       |       |       |       |       |       ||   245
         Ring mail         |       |       |   352 |   764 |   627 |   635 |   372 |       |       ||  2750
         Skin              |       |       |       |       |       |    10 |    30 |       |       ||    40
         Crystal plate arm |       |       |       |       |       |       |   943 |  1399 |  1436 ||  3778
  Dodge: Dodged            |    46 |    37 |   193 |   453 |   446 |   309 |   640 |   468 |   573 ||  3165
         Repelled          |       |       |       |       |       |       |    41 |   141 |   175 ||   357
  Block: Buckler           |    14 |    23 |   131 |   261 |       |       |       |       |       ||   429
         Kite shield       |       |       |       |    92 |  1533 |  1337 |  1581 |  1416 |  1405 ||  7364
         Reflection        |       |       |       |       |    69 |   157 |    25 |       |       ||   251

Table legend: (Time is in decaauts)
 A = Elapsed time spent in this place.
 B = Non-inter-level travel time spent in this place.
 C = Inter-level travel time spent in this place.
 D = Time resting spent in this place.
 E = Time spent auto-exploring this place.
 F = Levels seen in this place.
 G = Mean time per level.
                   A        B        C        D        E       F      G
               +--------+--------+--------+--------+--------+-----+--------+
         Total | 107780 |  97926 |   9854 |  11804 |  67461 |  60 | 1796.3 |
       Dungeon |  21326 |  17619 |   3707 |   1389 |  12320 |  15 | 1421.7 |
        Temple |     22 |     13 |      9 |      0 |      0 |   1 |   22.0 |
          Lair |   9301 |   8064 |   1237 |    655 |   5661 |   5 | 1860.2 |
         Swamp |   7029 |   6568 |    461 |    926 |   4544 |   4 | 1757.2 |
     Snake Pit |   7872 |   7650 |    222 |    907 |   5652 |   4 | 1968.0 |
    Slime Pits |   4201 |   4133 |     68 |   1242 |   2247 |   5 |  840.2 |
  Orcish Mines |   2312 |   2136 |    176 |      0 |   1577 |   2 | 1156.0 |
   Elven Halls |   6134 |   5814 |    320 |    345 |   4202 |   3 | 2044.7 |
        Vaults |  15645 |  14034 |   1611 |   1035 |  10697 |   5 | 3129.0 |
         Crypt |   7893 |   7755 |    138 |    693 |   6061 |   3 | 2631.0 |
        Depths |  11919 |  10810 |   1109 |   2798 |   6066 |   4 | 2979.8 |
           Zot |  12983 |  12192 |    791 |   1720 |   8167 |   5 | 2596.6 |
         Abyss |    683 |    683 |      0 |     26 |    115 |   3 |  227.7 |
       Ossuary |    454 |    454 |      0 |     66 |    150 |   1 |  454.0 |
               +--------+--------+--------+--------+--------+-----+--------+

Top non-repeatable levels by time:
Depths:2: 4317 daAuts
Depths:3: 4128 daAuts
 Crypt:3: 3863 daAuts
Vaults:5: 3790 daAuts
Vaults:2: 3679 daAuts
   Zot:5: 3442 daAuts
   Zot:2: 3283 daAuts
Vaults:4: 2779 daAuts
Vaults:3: 2775 daAuts
Vaults:1: 2620 daAuts
   Zot:4: 2594 daAuts
   Elf:2: 2572 daAuts
 Snake:2: 2295 daAuts
 Swamp:4: 2290 daAuts
 Slime:5: 2231 daAuts
